% Time on Ice - OAKLAND GORILLAS
Lines # - Real PCT - Wanted PCT - Time Play
Normal Forward
1 - 34% - 36% - 13:28
2 - 27% - 31% - 10:36
3 - 22% - 23% - 8:29
4 - 17% - 10% - 6:46
Normal Defense
1 - 32% - 36% - 12:42
2 - 36% - 31% - 14:06
3 - 29% - 23% - 11:22
4 - 3% - 10% - 1:09
PP Forward
1 - 54% - 55% - 5:20
2 - 46% - 45% - 4:35
PP Defense
1 - 54% - 55% - 5:24
2 - 46% - 45% - 4:31
PK Forward
1 - 62% - 55% - 5:33
2 - 38% - 45% - 3:22
PK Defense
1 - 62% - 55% - 5:34
2 - 38% - 45% - 3:21
PK3 Forward
1 - 0% - 55%
2 - 0% - 45%
PK3 Defense
1 - 0% - 55%
2 - 0% - 45%
44 Forward
1 - 70% - 55% - 1:18
2 - 30% - 45% - 0:33
44 Defense
1 - 70% - 55% - 1:18
2 - 30% - 45% - 0:33
Last Minute Offensive  - 0:00
Last Minute Defensive  - 0:00
Total
Forward - 60:00
Defense - 60:00
% Time on Ice - SPOKANE KNIGHTS
Lines # - Real PCT - Wanted PCT - Time Play
Normal Forward
1 - 31% - 32% - 12:18
2 - 30% - 32% - 11:54
3 - 29% - 31% - 11:18
4 - 10% - 5% - 3:49
Normal Defense
1 - 32% - 33% - 12:43
2 - 43% - 33% - 16:50
3 - 23% - 24% - 8:52
4 - 2% - 10% - 0:54
PP Forward
1 - 54% - 60% - 4:47
2 - 46% - 40% - 4:08
PP Defense
1 - 60% - 60% - 5:22
2 - 40% - 40% - 3:33
PK Forward
1 - 70% - 55% - 6:55
2 - 30% - 45% - 3:00
PK Defense
1 - 45% - 60% - 4:26
2 - 55% - 40% - 5:29
PK3 Forward
1 - 0% - 60%
2 - 0% - 40%
PK3 Defense
1 - 0% - 60%
2 - 0% - 40%
44 Forward
1 - 63% - 50% - 1:10
2 - 37% - 50% - 0:41
44 Defense
1 - 79% - 60% - 1:28
2 - 21% - 40% - 0:23
Last Minute Offensive  - 0:00
Last Minute Defensive  - 0:00
Total
Forward - 60:00
Defense - 60:00
Play-by-Play 1st period 0:01 of 1st period - Tomas Hertl wins face-off versus Noel Acciari in neutral zone. 0:30 of 1st period - Minor Penalty to Blake Wheeler for Roughing. 0:31 of 1st period - Phillip Danault wins face-off versus Wayne Simmonds in SPOKANE KNIGHTS zone. 0:31 of 1st period - Phillip Danault is hit by Wayne Simmonds. 0:54 of 1st period - John Moore is hit by Phillip Danault and loses puck. 1:33 of 1st period - Off-side. 1:34 of 1st period - Tyler Johnson wins face-off versus Ryan Dzingel in neutral zone. 1:50 of 1st period - Icing by Samuel Girard. 1:51 of 1st period - Tyler Johnson wins face-off versus Brandon Dubinsky in OAKLAND GORILLAS zone. 1:56 of 1st period - Shot by Vincent Trocheck. 1:56 of 1st period - Stopped by Robin Lehner with a rebound. 2:42 of 1st period - Wayne Simmonds is hit by Brooks Orpik and loses puck. 2:49 of 1st period - Shot by Tomas Hertl. 2:49 of 1st period - Shot Misses the Net. 3:09 of 1st period - Minor Penalty to Milan Lucic for Tripping. 3:10 of 1st period - Sebastian Aho wins face-off versus Jimmy Vesey in OAKLAND GORILLAS zone. 3:26 of 1st period - Matthew Tkachuk is hit by Erik Gudbranson and loses puck. 4:24 of 1st period - Shot by Blake Wheeler. 4:24 of 1st period - Stopped by Robin Lehner without a rebound. 4:25 of 1st period - Mikael Backlund wins face-off versus Patrik Laine in OAKLAND GORILLAS zone. 5:22 of 1st period - Minor Penalty to Jakob Chychrun for Holding. 5:23 of 1st period - Sebastian Aho wins face-off versus Jimmy Vesey in OAKLAND GORILLAS zone. 5:24 of 1st period - Shot by Patrick Kane. 5:24 of 1st period - Stopped by Robin Lehner without a rebound. 5:25 of 1st period - Patrick Kane wins face-off versus Jimmy Vesey in OAKLAND GORILLAS zone. 5:57 of 1st period - Shot by Victor Hedman. 5:57 of 1st period - Stopped by Robin Lehner with a rebound. 5:59 of 1st period - Shot by Sebastian Aho. 5:59 of 1st period - Goal by Sebastian Aho - OAKLAND GORILLAS : 0 - SPOKANE KNIGHTS : 1. 6:00 of 1st period - Mikael Backlund wins face-off versus Noel Acciari in neutral zone. 6:03 of 1st period - Ryan Dzingel is hit by Vincent Trocheck and loses puck. 6:28 of 1st period - Shot by Mikael Backlund. 6:28 of 1st period - Stopped by Robin Lehner with a rebound. 6:30 of 1st period - Shot by Vincent Trocheck. 6:30 of 1st period - Goal by Vincent Trocheck - OAKLAND GORILLAS : 0 - SPOKANE KNIGHTS : 2. 6:31 of 1st period - Matthew Tkachuk wins face-off versus Ryan Hartman in neutral zone. 6:54 of 1st period - Shot by Patrick Kane. 6:54 of 1st period - Shot Misses the Net. 6:56 of 1st period - Shot by Matthew Tkachuk. 6:56 of 1st period - Stopped by Robin Lehner without a rebound. 6:57 of 1st period - Brandon Dubinsky wins face-off versus Tyler Johnson in OAKLAND GORILLAS zone. 7:08 of 1st period - Shot by Jimmy Vesey. 7:08 of 1st period - Stopped by Braden Holtby without a rebound. 7:09 of 1st period - Phillip Danault wins face-off versus Noel Acciari in SPOKANE KNIGHTS zone. 7:41 of 1st period - Icing by Samuel Girard. 7:42 of 1st period - Mikael Backlund wins face-off versus Noel Acciari in OAKLAND GORILLAS zone. 8:43 of 1st period - Victor Hedman is hit by Brandon Dubinsky and loses puck. 9:06 of 1st period - Shot by Phillip Danault. 9:06 of 1st period - Deflect By Patrick Kane. 9:06 of 1st period - Stopped by Robin Lehner without a rebound. 9:07 of 1st period - Ivan Barbashev wins face-off versus Sebastian Aho in OAKLAND GORILLAS zone. 9:14 of 1st period - Sebastian Aho is hit by Milan Lucic and loses puck. 9:35 of 1st period - Sebastian Aho is hit by Jakob Chychrun and loses puck. 9:50 of 1st period - Shot by Sebastian Aho. 9:50 of 1st period - Stopped by Robin Lehner without a rebound. 9:51 of 1st period - Cedric Paquette wins face-off versus Phillip Danault in OAKLAND GORILLAS zone. 10:41 of 1st period - Shot by J.T. Compher. 10:41 of 1st period - Stopped by Braden Holtby with a rebound. 10:43 of 1st period - Shot by Brandon Dubinsky. 10:43 of 1st period - Shot Misses the Net. 11:07 of 1st period - Shot by Jimmy Vesey. 11:07 of 1st period - Stopped by Braden Holtby without a rebound. 11:08 of 1st period - Mikael Backlund wins face-off versus Noel Acciari in SPOKANE KNIGHTS zone. 11:19 of 1st period - Shot by Patrik Laine. 11:19 of 1st period - Stopped by Braden Holtby without a rebound. 11:20 of 1st period - Tomas Hertl wins face-off versus Ivan Barbashev in SPOKANE KNIGHTS zone. 11:20 of 1st period - Blake Wheeler is hit by Milan Lucic and loses puck. 11:56 of 1st period - Icing by John Moore. 11:57 of 1st period - Ivan Barbashev wins face-off versus Mikael Backlund in OAKLAND GORILLAS zone. 11:57 of 1st period - Ivan Barbashev is hit by Vincent Trocheck. 12:10 of 1st period - Minor Penalty to Jakob Chychrun for Interference. 12:11 of 1st period - Jimmy Vesey wins face-off versus Sebastian Aho in OAKLAND GORILLAS zone. 12:37 of 1st period - Shot by Kristopher Letang. 12:37 of 1st period - Shot Misses the Net. 13:20 of 1st period - Shot by Tomas Hertl. 13:20 of 1st period - Shot Blocked by J.T. Compher. 13:24 of 1st period - Shot by Blake Wheeler. 13:24 of 1st period - Shot Misses the Net. 13:26 of 1st period - Shot by Tomas Hertl. 13:26 of 1st period - Shot Misses the Net. 13:28 of 1st period - Shot by Anton Stralman. 13:28 of 1st period - Shot Blocked by John Moore. 13:30 of 1st period - Shot by Anton Stralman. 13:30 of 1st period - Stopped by Robin Lehner without a rebound. 13:31 of 1st period - Mikael Backlund wins face-off versus Patrik Laine in OAKLAND GORILLAS zone. 13:46 of 1st period - Shot by Tomas Hertl. 13:46 of 1st period - Shot Blocked by P.K. Subban. 13:48 of 1st period - Shot by Kristopher Letang. 13:48 of 1st period - Stopped by Robin Lehner with a rebound. 14:19 of 1st period - Icing by Anton Stralman. 14:20 of 1st period - Brandon Dubinsky wins face-off versus Marcus Kruger in SPOKANE KNIGHTS zone. 15:13 of 1st period - Bogdan Kiselevich is hit by Milan Lucic and loses puck. 16:07 of 1st period - Shot by Ryan Dzingel. 16:07 of 1st period - Stopped by Braden Holtby without a rebound. 16:08 of 1st period - Cedric Paquette wins face-off versus Tyler Johnson in SPOKANE KNIGHTS zone. 16:25 of 1st period - Shot by Mikael Backlund. 16:25 of 1st period - Deflect By Vincent Trocheck. 16:25 of 1st period - Shot Misses the Net. 16:27 of 1st period - Shot by Mikael Backlund. 16:27 of 1st period - Shot Misses the Net. 17:07 of 1st period - Shot by Tomas Hertl. 17:07 of 1st period - Shot Misses the Net. 17:43 of 1st period - Shot by Patrik Laine. 17:43 of 1st period - Stopped by Braden Holtby without a rebound. 17:44 of 1st period - Brandon Dubinsky wins face-off versus Phillip Danault in SPOKANE KNIGHTS zone. 17:51 of 1st period - Shot by Jimmy Vesey. 17:51 of 1st period - Shot Misses the Net. 17:54 of 1st period - Icing by Phillip Danault. 17:55 of 1st period - Phillip Danault wins face-off versus Ivan Barbashev in SPOKANE KNIGHTS zone. 18:11 of 1st period - Minor Penalty to Milan Lucic for Holding. 18:12 of 1st period - Mikael Backlund wins face-off versus Jimmy Vesey in OAKLAND GORILLAS zone. 18:13 of 1st period - Shot by Tomas Hertl. 18:13 of 1st period - Shot Misses the Net. 18:15 of 1st period - Shot by Kristopher Letang. 18:15 of 1st period - Stopped by Robin Lehner without a rebound. 18:16 of 1st period - Sebastian Aho wins face-off versus Jimmy Vesey in OAKLAND GORILLAS zone. 18:19 of 1st period - Shot by Matthew Tkachuk. 18:19 of 1st period - Shot Misses the Net. 19:21 of 1st period - Shot by Jimmy Vesey. 19:21 of 1st period - Stopped by Braden Holtby without a rebound. 19:22 of 1st period - Mikael Backlund wins face-off versus Patrik Laine in SPOKANE KNIGHTS zone. 19:35 of 1st period - Shot by Blake Wheeler. 19:35 of 1st period - Shot Blocked by P.K. Subban. Goals for this period are 0 for OAKLAND GORILLAS vs 2 for SPOKANE KNIGHTS. Shots for this period are 7 for OAKLAND GORILLAS vs 13 for SPOKANE KNIGHTS. 2nd period 0:01 of 2nd period - Sebastian Aho wins face-off versus Jimmy Vesey in neutral zone. 0:37 of 2nd period - Shot by Zdeno Chara. 0:37 of 2nd period - Shot Misses the Net. 0:42 of 2nd period - Icing by John Moore. 0:43 of 2nd period - Sebastian Aho wins face-off versus Noel Acciari in OAKLAND GORILLAS zone. 1:07 of 2nd period - Icing by Jakob Chychrun. 1:08 of 2nd period - Mikael Backlund wins face-off versus Patrik Laine in OAKLAND GORILLAS zone. 1:08 of 2nd period - Mikael Backlund is hit by John Moore. 1:15 of 2nd period - Mikael Backlund is hit by Jakob Chychrun and loses puck. 1:44 of 2nd period - Shot by Tyler Johnson. 1:44 of 2nd period - Shot Misses the Net. 1:46 of 2nd period - Shot by Bogdan Kiselevich. 1:46 of 2nd period - Shot Hit the Post. 1:57 of 2nd period - Icing by P.K. Subban. 1:58 of 2nd period - Sebastian Aho wins face-off versus Brandon Dubinsky in OAKLAND GORILLAS zone. 2:15 of 2nd period - Shot by Blake Wheeler. 2:15 of 2nd period - Shot Misses the Net. 2:17 of 2nd period - Shot by Kristopher Letang. 2:17 of 2nd period - Shot Blocked by P.K. Subban. 2:19 of 2nd period - Shot by Victor Hedman. 2:19 of 2nd perio